 Dungeon Crawl Stone Soup version 0.30-a0-719-gcc4359ea44 (console) character file.

Game seed: 10956042790599702867

22 Ignak the Magician (level 2, -1/18 HPs)
             Began as an Octopode Hedge Wizard on Jan 26, 2023.
             Slain by a hobgoblin (4 damage)
             ... on level 1 of the Dungeon.
             The game lasted 00:01:52 (410 turns).

Ignak the Magician (Octopode Hedge Wizard)           Turns: 410, Time: 00:01:53

Health: -1/18      AC:  1    Str:  9    XL:     2   Next: 91%
Magic:  6/6        EV: 13    Int: 16    God:
Gold:   41         SH:  0    Dex: 11    Spells: 2/7 levels left

rFire   . . .      SeeInvis .    a - +0 dagger
rCold   . . .      Faith    .    (no shield)
rNeg    . . .      Spirit   .    b - +0 hat
rPois   .          Reflect  .    (no amulet)
rElec   .          Harm     .    (no ring)
rCorr   .          Rampage  .    (no ring)
Will    .....                    (no ring)
Stlth   +++                      (no ring)
HPRegen 0.23/turn                (no ring)
MPRegen 0.10/turn                (no ring)
                                 (no ring)
                                 (no ring)

@: no status effects
A: almost no armour, amphibious, 8 rings, camouflage 1, gelatinous body 1,
(nimble swimmer 1), tentacles
a: no special abilities


You were on level 1 of the Dungeon.
You visited 1 branch of the dungeon, and saw 1 of its levels.

You collected 41 gold pieces.

Inventory:

Hand Weapons
 a - a +0 dagger (weapon)
Missiles
 f - 4 poisoned darts (quivered)
Armour
 b - a +0 hat (worn)
Scrolls
 d - a scroll of identify {unknown}
 e - 2 scrolls of teleportation {unknown}
 g - a scroll of noise {unknown}
 j - a scroll of enchant weapon {unknown}
Potions
 c - a potion of magic
 h - a potion of curing {unknown}
 i - 2 potions of degeneration {unknown}


   Skills:
 + Level 0.4 Fighting
 * Level 2.3 Dodging
 + Level 3.0 Stealth
 + Level 0.3 Unarmed Combat
 + Level 3.1 Spellcasting
 + Level 1.3 Conjurations
 + Level 1.2 Summonings
 + Level 1.2 Translocations


You had 2 spell levels left.
You knew the following spells:

 Your Spells              Type           Power      Damage    Failure   Level
a - Magic Dart            Conj           24%        1d4       11%         1
b - Blink                 Tloc           12%        N/A       17%         2
e - Call Imp              Summ           6%         N/A       17%         2

Your spell library contained the following spells:

 Spells                   Type           Power      Damage    Failure   Level
 Slow                     Hex            8%         N/A       19%         1
 Cigotuvi's Dreadful Rot  Necr/Pois/Air  4%         N/A       28%         2
 Mephitic Cloud           Conj/Pois/Air  3%         N/A       43%         3


Dungeon Overview and Level Annotations

Branches:
Dungeon (1/15)

Altars:

Shops:
D:1 :


Innate Abilities, Weirdness & Mutations

You cannot wear most types of armour.
You are amphibious.
You can wear up to eight rings at the same time.
Your skin changes colour to match your surroundings (Stealth+).
Your rubbery body absorbs attacks. (AC +1, EV +1)
((You are camouflaged when in or above water. (Stealth+)))
You have tentacles for arms and can constrict up to eight enemies at once.


Message History

You kill the hobgoblin!
You open the door.
There is an open door here.
i - 2 green potions You now have 41 gold pieces (gained 10).
You open the door.
There is an open door here.
j - a scroll labelled ESOBYI KENN A dart slug comes into view.
A dart slug is nearby!
The dart slug misses you.
You hit the dart slug but do no damage. You grab the dart slug.
You constrict the dart slug, but do no damage.
The dart slug barely misses you.
You hit the dart slug.
The dart slug is moderately wounded.
You constrict the dart slug. You hit the dart slug but do no damage.
You squeeze the dart slug.
The dart slug is heavily wounded.
You constrict the dart slug. The dart slug barely misses you.
You hit the dart slug but do no damage. You squeeze the dart slug.
You kill the dart slug!
Your Stealth skill increases to level 3!
Found a stone staircase leading down.
Found 11 gold pieces.
A hobgoblin comes into view.
You see here 11 gold pieces.
A hobgoblin is nearby!
An endoplasm comes into view.
The hobgoblin shouts!
The hobgoblin hits you.
You hit the hobgoblin but do no damage. Your grab misses the hobgoblin.
The endoplasm freezes you.
You are frozen.
The hobgoblin completely misses you.
You completely miss the hobgoblin. You grab the hobgoblin.
You constrict the hobgoblin. The endoplasm hits you. The hobgoblin hits you.
* * * LOW HITPOINT WARNING * * *
You release your grip on the hobgoblin.
The hobgoblin attacks as you move away! The hobgoblin hits you.
You die...

....###...######..#
###.####..........#.#
#...............#.#
................>.#
...###..###.#.#...#
.# ##.# #.#.#...#
#...#.#.#...#
###...$.#J..#
###...@g..# #..###..#
#... .# ##### #


You could see an endoplasm and a hobgoblin.

Vanquished Creatures
  A dart slug (D:1)
  2 endoplasms (D:1)
  2 giant cockroaches (D:1)
  4 hobgoblins (D:1)
  3 bats (D:1)
  3 goblins (D:1)
  3 rats (D:1)
18 creatures vanquished.

Notes
Turn   | Place    | Note
-------+----------+-------------------------------------------
     0 | D:1      | Ignak the Octopode Hedge Wizard began the quest for the
                  | Orb.
     0 | D:1      | Reached XP level 1. HP: 11/11 MP: 4/4
    92 | D:1      | Reached XP level 2. HP: 17/17 MP: 6/6
   144 | D:1      | Found Suts's Book Emporium.
   171 | D:1      | Learned a level 2 spell: Blink
   174 | D:1      | Learned a level 2 spell: Call Imp
   410 | D:1      | Slain by a hobgoblin

Illustrated notes

Levels and vault maps discovered:
D:1:      dpeg_arrival_prison, layout_basic, serial_shops, shop

Skill      XL: |  1  2 |
---------------+-------+-----
Stealth        | 3 |  3.0
Fighting       | |  0.4
Dodging        | |  2.3
Unarmed Combat | |  0.3
Spellcasting   | |  3.1
Conjurations   | |  1.3
Summonings     | |  1.2
Translocations | |  1.2

Action                     || total
---------------------------++-------
  Melee: Dagger            ||    29
         Constrict         ||     9
         Tentacles         ||     8
   Stab: Sleeping          ||     7
 Armour: Skin              ||     2
  Dodge: Dodged            ||    10

Table legend: (Time is in decaauts)
 A = Elapsed time spent in this place.
 B = Non-inter-level travel time spent in this place.
 C = Inter-level travel time spent in this place.
 D = Time resting spent in this place.
 E = Time spent auto-exploring this place.
 F = Levels seen in this place.
 G = Mean time per level.
                   A        B        C        D        E       F      G
               +--------+--------+--------+--------+--------+-----+--------+
         Total |    410 |    410 |      0 |     34 |    208 |   1 |  410.0 |
       Dungeon |    410 |    410 |      0 |     34 |    208 |   1 |  410.0 |
               +--------+--------+--------+--------+--------+-----+--------+

Top non-repeatable levels by time:
     D:1: 410 daAuts
